 Dungeon Crawl Stone Soup version 0.24-a0-375-g4de66ed42b (webtiles) character file.

Game seed: 16015592529683216042

21 Elric the Stinger (level 3, 0/24 HPs)
             Began as a Formicid Venom Mage on May 31, 2019.
             Slain by an adder (2 damage)
             ... on level 1 of the Dungeon.
             The game lasted 00:01:58 (1017 turns).

Elric the Stinger (Formicid Venom Mage)             Turns: 1017, Time: 00:01:58

Health: 0/24       AC:  2    Str: 12    XL:     3   Next: 2%
Magic:  0/6        EV: 12    Int: 15    God:
Gold:   82         SH:  0    Dex: 11    Spells: 6/7 levels left

rFire    . . .     SeeInvis +   k - +0 whip
rCold    . . .     Gourm    .   (no shield)
rNeg     . . .     Faith    .   a - +0 robe
rPois    .         Spirit   .   (helmet unavailable)
rElec    .         Reflect  .   (no cloak)
rCorr    .         Harm     .   (no gloves)
MR       .....                  (no boots)
Stlth    ++........             (no amulet)
HPRegen  0.08/turn              (no ring)
MPRegen  0.10/turn              (no ring)

@: lethally poisoned (0 -> -4)
A: permanent stasis, dig shafts and tunnels, four strong arms, antennae 3
a: Dig, Shaft Self


You were on level 1 of the Dungeon.
You were not hungry.

You visited 1 branch of the dungeon, and saw 2 of its levels.

You collected 82 gold pieces.

Inventory:

Hand Weapons
 k - a +0 whip (weapon)
Armour
 a - a +0 robe (worn)
Jewellery
 b - a +4 ring of dexterity {unknown}
 j - a +5 ring of evasion {unknown}
Scrolls
 d - 2 scrolls of amnesia {unknown}
 e - a scroll of remove curse {unknown}
 i - a scroll of immolation {unknown}
 m - a scroll of noise {unknown}
 n - a scroll of fog {unknown}
 o - a scroll of identify {unknown}
Potions
 f - a potion of lignification {unknown}
 g - a potion of might {unknown}
 h - a potion of cancellation {unknown}
 l - a potion of haste {unknown}
Comestibles
 c - 3 rations


   Skills:
 - Level 1.7 Dodging
 - Level 2.4 Stealth
 + Level 2.6 Spellcasting
 + Level 1.5 Conjurations
 + Level 4.4 Poison Magic


You had 6 spell levels left.
You knew the following spells:

 Your Spells              Type           Power        Failure   Level  Hunger
a - Sting                 Conj/Pois      ##..         6%          1    #......

Your spell library contained the following spells:

 Spells                   Type           Power        Failure   Level  Hunger
 Poisonous Vapours        Pois/Air       #.....       13%         2    ###....
 Mephitic Cloud           Conj/Pois/Air  #.......     28%         3    ###....
 Olgreb's Toxic Radiance  Pois           ###.....     32%         4    #####..
 Venom Bolt               Conj/Pois      ##........   86%         5    ######.


Dungeon Overview and Level Annotations

Branches:
Dungeon (2/15)

Altars:


Innate Abilities, Weirdness & Mutations

You cannot be hasted, slowed, berserked, paralysed or teleported.
You can dig through walls and to a lower floor.
Your four strong arms can wield two-handed weapons with a shield.
You have a pair of large antennae on your head. (SInv)


Message History

Casting: Sting (safe; 6% risk of failure)
Confirm with . or Enter, or press ? or * to list all spells.
Aiming: Sting (safe; 6% risk of failure)
Press: ? - help, Shift-Dir - straight line, f/p - adder
Aim: an adder (heavily wounded)
The sting misses the adder.
* * * LOW HITPOINT WARNING * * *
You feel sick. The adder misses you. x2
* * * LOW HITPOINT WARNING * * *
You feel sick. The adder bites you.
* * * LOW HITPOINT WARNING * * *
Casting: Sting (safe; 6% risk of failure)
Confirm with . or Enter, or press ? or * to list all spells.
Aiming: Sting (safe; 6% risk of failure)
Press: ? - help, Shift-Dir - straight line, f/p - adder
Aim: an adder (heavily wounded)
The sting hits the adder.
The adder is poisoned.
The adder is severely wounded.
The adder bites you.
You die...

#..........##.# #.### #.#.
##.####...#..#.###...## #.#.
##.##...####)..#(..#..# #.#.
.#....### ##....#.#..## #.#.
....### ##.###.#...# #.#.
##.###########.###.#'#.#######.#.
.....).............#.#...........
##.......#######.###.#########.#.
#######.# #@##8.8# #.#.
########.# #S##...# #.#.
.........# #.##...## #.#.
########## #.#≈...≈# #.#.
#.#≈...≈# #.#. #.#≈...≈# #.#.
###########.#≈...≈# #.#.
#.....(.....#≈.<.≈# #.#.
#..........)##...## #.#.


You could see an adder.

Vanquished Creatures
  A leopard gecko (D:2)
  2 goblins (D:1)
  4 hobgoblins (D:1)
  3 jackals
  2 kobolds (D:1)
  2 ball pythons (D:1)
  3 bats (D:1)
17 creatures vanquished.

Notes
Turn   | Place    | Note
-------+----------+-------------------------------------------
     0 | D:1      | Elric the Formicid Venom Mage began the quest for the Orb.
     0 | D:1      | Reached XP level 1. HP: 13/13 MP: 3/3
    85 | D:1      | Reached skill level 1 in Conjurations
   330 | D:1      | Reached XP level 2. HP: 19/19 MP: 3/5
   945 | D:2      | Found a faded altar of an unknown god.
   964 | D:2      | Reached XP level 3. HP: 15/24 MP: 0/6
  1016 | D:1      | HP: 1/24 [adder (1)]
  1017 | D:1      | Slain by an adder

Levels and vault maps discovered:
D:1:      wander_arrival_chamber, layout_basic
D:2:      layout_rooms, chequers_ecumenical_altar_simple, uniq_terence,
          uniq_jessica

Skill      XL: |  1 |
---------------+----+-----
Conjurations   | 1 |  1.5
Dodging        | |  1.7
Stealth        | |  2.4
Spellcasting   | |  2.6
Poison Magic   | |  4.4

Action                   || total
-------------------------++-------
Melee: Unarmed           ||     1
       Whip              ||     7
 Cast: Sting             ||    43
  Eat: Chunk             ||     1
Armor: Robe              ||     5
Dodge: Dodged            ||    37

Table legend:
 A = Non-vault XP
 B = Vault XP
 C = Vault XP percentage of total XP
 D = Non-vault monster count
 E = Vault monster count
 F = Vault count percentage of total count
                 A         B        C        D         E       F
            +---------+---------+-------+---------+---------+-------
      Total |      30 |       0 |   0.0 |      17 |       0 |   0.0
            +---------+---------+-------+---------+---------+-------
        D:1 |      23 |       0 |   0.0 |      14 |       0 |   0.0
        D:2 |       7 |       0 |   0.0 |       3 |       0 |   0.0
            +---------+---------+-------+---------+---------+-------
